[Event "Winter 2018 CCCSA-GM A"]
[Site "Charlotte"]
[Date "2018.01.11"]
[Round "3"]
[White "Brodsky, David"]
[Black "Korley, Kassa"]
[Result "1/2-1/2"]
[ECO "C42"]
[WhiteElo "2405"]
[BlackElo "2387"]
[Annotator "ChessBase"]
[PlyCount "140"]
[EventDate "2018.01.11"]
[EventType "tourn"]
[EventCountry "USA"]
[SourceTitle "playchess.com"]
[Source "ChessBase"]
[SourceQuality "1"]
[TimeControl "5400+30"]

1. e4 e5 2. Nf3 Nf6 3. Nxe5 d6 4. Nf3 Nxe4 5. c4 Be7 6. d4 O-O 7. Bd3 Nf6 8. O-O Bg4 9. Be3 c6 10. Nbd2 d5 11. c5 Nbd7 12. Qc2 Bh5 13. Ne5 Bg6 14. Nxg6 hxg6 15. Nf3 Qc7 16. g3 Rfe8 17. Rfe1 Nf8 18. Re2 Qc8 19. Rae1 Bd8 20. b4 a6 21. Bc1 Rxe2 22. Qxe2 Bc7 23. Kg2 Qd7 24. Ne5 Bxe5 25. dxe5 Ne8 26. h4 a5 27. b5 Nc7 28. a4 Nce6 29. Ba3 Qe7 30. bxc6 bxc6 31. Qg4 Rb8 32. Bc2 d4 33. Qe4 Nxc5 34. Qxd4 Nfe6 35. Qc3 Qa7 36. Rd1 Nd7 37. Rd6 c5 38. Bxg6 Qb7+ 39. f3 Nb6 40. Bc2 Nd5 41. Qd2 Nb4 42. Be4 Qc7 43. h5 c4 44. Bb2 Nd3 45. Bxd3 cxd3 46. Rxd3 Qc4 47. Rd6 Qxa4 48. Bc3 Rc8 49. Qb2 Qc4 50. Bxa5 Ra8 51. Qd2 Qb5 52. Rd5 Qb1 53. Rd6 Qf5 54. h6 gxh6 55. Bc3 Ng5 56. Rd8+ Rxd8 57. Qxd8+ Kh7 58. Qd5 Qh3+ 59. Kf2 Qh2+ 60. Ke3 Qg1+ 61. Kf4 Ne6+ 62. Kg4 Qh2 63. Qd3+ Kg8 64. f4 Qg2 65. Kf5 Ng7+ 66. Kg4 h5+ 67. Kg5 Qh3 68. Qd8+ Kh7 69. Qd3+ Kg8 70. Qd8+ Kh7 1/2-1/2

[Event "Winter 2018 CCCSA-GM A"]
[Site "Charlotte"]
[Date "2018.01.14"]
[Round "6.3"]
[White "Wang, Kevin"]
[Black "Brodsky, David"]
[Result "1-0"]
[ECO "A45"]
[WhiteElo "2380"]
[BlackElo "2405"]
[Annotator "RC"]
[PlyCount "101"]
[EventDate "2018.01.11"]
[EventType "tourn"]
[EventCountry "USA"]
[SourceTitle "playchess.com"]
[Source "ChessBase"]
[SourceQuality "1"]
[TimeControl "5400+30"]

1. d4 Nf6 2. Bf4 d5 3. e3 e6 4. Nf3 c5 5. c3 Nc6 6. Nbd2 cxd4 7. exd4 Nh5 8. Be3 Bd6 9. Ne5 g6 10. g4 Ng7 11. h4 h5 12. Ndf3 hxg4 13. Nxg4 Nf5 14. Bg5 Be7 15. Rh2 Bd7 16. Qd2 f6 17. Bf4 Qb6 18. Bd3 Na5 19. Qe2 Nc4 20. Bxc4 dxc4 21. Ne3 Nxe3 22. fxe3 Qb5 23. e4 Qh5 24. O-O-O b5 25. e5 f5 26. d5 exd5 27. e6 Bc8 28. Bg5 Rh7 29. Qe5 Bb7 30. Bxe7 Rxe7 31. Ng5 Qh6 32. Rhd2 Qg7 33. Rxd5 Bxd5 34. Qxd5 Rc8 35. Qxb5+ Kf8 36. Qa6 Rce8 37. Qxc4 Qf6 38. Qf4 Kg8 39. Rd5 Rc8 40. Kc2 Rec7 41. Rd4 Rc6 42. Qd2 Re8 43. Rd7 Re7 44. Qd5 Rc8 45. a4 Rce8 46. a5 f4 47. Ne4 Qxh4 48. Ng5 Qh6 49. Ne4 Qg7 50. Qg5 Rxd7 51. exd7 1-0